 Dungeon Crawl Stone Soup version 0.29.0-4-gdea44cf6ec (webtiles) character file.

Game seed: 4814883093268090701

2656 Zeldest the Blocker (level 9, -2/72 HPs)
             Began as a Formicid Fighter on Aug 27, 2022.
             Was an Initiate of Wu Jian.
             Slain by a steam dragon (7 damage)
             ... on level 7 of the Dungeon.
             The game lasted 00:07:39 (6364 turns).

Zeldest the Blocker (Formicid Fighter)              Turns: 6364, Time: 00:07:39

Health: -2/72      AC:  9    Str: 32    XL:     9   Next: 94%
Magic:  9/9        EV:  9    Int:  7    God:    Wu Jian [......]
Gold:   264        SH: 10    Dex: 13    Spells: 8/8 levels left

rFire   . . .      SeeInvis +   a - +0 war axe
rCold   . . .      Faith    .   b - +0 kite shield
rNeg    . . .      Spirit   .   E - +0 swamp dragon scales
rPois   +          Reflect  .   (helmet unavailable)
rElec   .          Harm     .   (no cloak)
rCorr   .          Rampage  .   (no gloves)
Will    .....                   (no boots)
Stlth   +.........              (no amulet)
HPRegen 0.22/turn               A - +4 ring of slaying
MPRegen 0.11/turn               y - +6 ring of strength

@: no status effects
A: permanent stasis, dig shafts and tunnels, antennae 3, four strong arms
a: Dig, Shaft Self, Renounce Religion


You were on level 7 of the Dungeon.
You worshipped Wu Jian.
Wu Jian was noncommittal.
You visited 2 branches of the dungeon, and saw 8 of its levels.

You collected 344 gold pieces.
You spent 80 gold pieces at shops.

Inventory:

Hand Weapons
 a - a +0 war axe (weapon)
 x - a +2 rapier of electrocution
Armour
 b - a +0 kite shield (worn)
 E - +0 swamp dragon scales (worn)
Jewellery
 y - a +6 ring of strength (right hand)
 A - a +4 ring of slaying (left hand)
Wands
 D - a wand of light (7)
Scrolls
 e - 7 scrolls of teleportation {unknown}
 g - 3 scrolls of immolation {unknown}
 h - 11 scrolls of identify {unknown}
 j - 2 scrolls of enchant weapon {unknown}
 l - a scroll of summoning {unknown}
 n - a scroll of noise {unknown}
 p - a scroll of poison {unknown}
 s - a scroll of butterflies {unknown}
 t - a scroll of brand weapon {unknown}
 v - 2 scrolls of magic mapping {unknown}
 B - a scroll of amnesia {unknown}
 C - a scroll of blinking {unknown}
Potions
 c - a potion of cancellation {unknown}
 d - a potion of might
 f - 4 potions of heal wounds {unknown}
 i - 2 potions of curing
 k - 2 potions of brilliance {unknown}
 o - 3 potions of degeneration {unknown}
 q - 2 potions of flight {unknown}
 r - a potion of berserk rage {unknown}
 u - 5 potions of magic {unknown}
 w - 2 potions of ambrosia {unknown}
 z - 2 potions of haste {unknown}


   Skills:
 + Level 7.1 Fighting
 * Level 8.4 Axes
 + Level 7.1 Armour
 + Level 8.5 Shields


You had 8 spell levels left.
You didn't know any spells.
Your spell library contained the following spells:

 Spells                   Type           Power      Damage    Failure   Level
 Ensorcelled Hibernation  Hex/Ice        0%         N/A       88%         2
 Ignite Poison            Fire/Tmut/Pois 0%         N/A       98%         3
 Mephitic Cloud           Conj/Pois/Air  0%         N/A       98%         3
 Spider Form              Tmut/Pois      0%         N/A       98%         3
 Anguish                  Hex/Necr       0%         N/A       100%        4
 Freezing Cloud           Conj/Ice/Air   0%         6-21      100%        5


Dungeon Overview and Level Annotations

Branches:
Dungeon (7/15)             Temple (1/1) D:7

Altars:
Ashenzari
Cheibriados
Elyvilon
Fedhas
Gozag
Hepliaklqana
Nemelex Xobeh
Okawaru
Qazlal
Ru
Vehumet
Wu Jian
Xom
Yredelemnul
The Shining One

Shops:
D:3 =*=*(


Innate Abilities, Weirdness & Mutations

You cannot be hasted, slowed, berserked, paralysed or teleported.
You can dig through walls and to a lower floor.
You have a pair of large antennae on your head. (SInv)
Your four strong arms can wield two-handed weapons with a shield.


Message History

The steam dragon breathes steam at you. The ball of steam hits you!
You slash the steam dragon!
The steam dragon is moderately wounded.
You are engulfed in a cloud of scalding steam.
You block the steam dragon's attack.
The steam dragon claws you but does no damage.
You slash the steam dragon!
The steam dragon is heavily wounded.
You are engulfed in a cloud of scalding steam.
You block the steam dragon's attack. The steam dragon closely misses you.
You hit the steam dragon.
The steam dragon is severely wounded.
You are engulfed in a cloud of scalding steam.
* * * LOW HITPOINT WARNING * * *
The steam dragon bites you.
* * * LOW HITPOINT WARNING * * *
The steam dragon claws you.
* * * LOW HITPOINT WARNING * * *
You block the steam dragon's attack.
The steam dragon claws you but does no damage.
You barely miss the steam dragon.
The steam dragon is severely wounded.
You are engulfed in a cloud of scalding steam.
The steam dragon barely misses you.
The steam dragon claws you but does no damage.
You barely miss the steam dragon.
The steam dragon is severely wounded.
The steam dragon breathes steam at you. The ball of steam hits you!
* * * LOW HITPOINT WARNING * * *
You feel better.
You are engulfed in a cloud of scalding steam.
* * * LOW HITPOINT WARNING * * *
You block the steam dragon's attack. The steam dragon completely misses you.
You feel better.
You are engulfed in a cloud of scalding steam.
* * * LOW HITPOINT WARNING * * *
The steam dragon bites you!
You die...

##...#..#.#
#.#
.......##.#
#.#
##..#####.#
#.# ..... ..#
#.# #### .##
#.# #. #§# #.
#§# #. #§# ##
#@# .. #D# D#
##.##.##
#####...#..#
..........†/#
######...##.#
##... #
#.###. #. .#


You could see a steam dragon (catching breath).

Vanquished Creatures
  Maggie (D:6)
  3 yaks (D:7)
  An acid dragon (D:6)
  Duvessa (D:5)
  A water moccasin (D:5)
  An ice beast (D:7)
  An ogre (D:5)
  2 phantoms
  Blork the orc (D:6)
  A necrophage (D:6)
  A bullfrog (D:6)
  2 scorpions (D:6)
  Dowan (D:5)
  A howler monkey (D:6)
  8 hounds
  A jelly (D:6)
  5 orc priests
  Terence (D:3)
  6 iguanas
  6 orc wizards
  6 adders
  An ufetubus (D:5)
  A worm (D:3)
  3 dart slugs
  18 orcs
  5 ball pythons
  7 bats
  9 endoplasms
  5 giant cockroaches
  4 goblins
  5 hobgoblins
  A jackal (D:3)
  4 kobolds
  4 quokkas
  4 frilled lizards
  7 rats
129 creatures vanquished.

Notes
Turn   | Place    | Note
-------+----------+-------------------------------------------
     0 | D:1      | Zeldest the Formicid Fighter began the quest for the Orb.
     0 | D:1      | Reached XP level 1. HP: 18/18 MP: 1/1
   185 | D:1      | Reached XP level 2. HP: 24/24 MP: 2/2
   279 | D:1      | Reached XP level 3. HP: 28/29 MP: 3/3
   523 | D:2      | Found a glowing golden altar of the Shining One.
   633 | D:2      | Found a faded altar of an unknown god.
   918 | D:2      | Identified the +1 ring mail "Fycryes" {Contam Will+ rCorr
                  | Str+2}
  1107 | D:3      | Found Maulotor's Jewellery Shop.
  1122 | D:3      | Noticed Terence
  1135 | D:3      | Killed Terence
  1136 | D:3      | Reached XP level 4. HP: 32/37 MP: 4/4
  1174 | D:3      | Found Luasua's General Store.
  1178 | D:3      | Found Elysufoac's Jewellery Emporium.
  1271 | D:3      | Reached XP level 5. HP: 22/42 MP: 5/5
  1479 | D:3      | Found Ysushodoaso's Weapon Emporium.
  1554 | D:3      | Found Gorch's Assorted Antiques.
  1710 | D:3      | Bought a scroll labelled ORIPOFU XAGAIZEBB for 20 gold
                  | pieces
  1710 | D:3      | Bought a scroll labelled SUGHEA OMIR for 20 gold pieces
  1710 | D:3      | Bought a scroll labelled MIJOAPS LUUSKU for 20 gold pieces
  1710 | D:3      | Bought a scroll labelled JIWI EBUL NUI for 20 gold pieces
  1782 | D:3      | Reached skill level 5 in Shields
  1783 | D:3      | Reached XP level 6. HP: 10/48 MP: 6/6
  2993 | D:4      | Reached XP level 7. HP: 53/55 MP: 7/7
  3427 | D:5      | Entered Level 5 of the Dungeon
  3449 | D:5      | Reached skill level 5 in Axes
  3625 | D:5      | Reached skill level 5 in Fighting
  3625 | D:5      | Reached skill level 5 in Armour
  3706 | D:5      | Noticed a water moccasin
  3715 | D:5      | Killed a water moccasin
  3716 | D:5      | Reached XP level 8. HP: 27/62 MP: 8/8
  4287 | D:5      | Noticed Dowan
  4294 | D:5      | Killed Dowan
  4552 | D:6      | Noticed Maggie
  4560 | D:6      | Noticed Blork the orc
  4565 | D:6      | Killed Maggie
  4566 | D:6      | Reached XP level 9. HP: 25/69 MP: 9/9
  4569 | D:6      | Killed Blork the orc
  5896 | D:5      | Noticed Duvessa
  5903 | D:5      | Killed Duvessa
  6108 | D:7      | Found a staircase to the Ecumenical Temple.
  6238 | Temple   | Entered the Ecumenical Temple
  6278 | Temple   | Became a worshipper of the Wu Jian Council
  6364 | D:7      | Slain by a steam dragon

Illustrated notes

Levels and vault maps discovered:
D:1:      erik_arrival_triangle_medium, layout_rooms
D:2:      layout_loops_cross, basic_altar, basic_ecumenical_altar
D:3:      cheibrodos_helix_gallery, layout_basic, serial_shops,
          nicolae_shop_waterfront, nicolae_shop_hallway_plus,
          nicolae_shop_waterfront, nicolae_shop_advertising_works
          [nicolae_subvault_shop_adworks], nicolae_shop_window_shopping,
          st_stairs_13, uniq_terence
D:4:      layout_basic, minmay_a_box_with_orc_wizards_in_it
D:5:      layout_loops_corners, uniq_duvessa
D:6:      dreamdust_elfheim, layout_basic, minmay_misc_feat_square, uniq_maggie,
          uniq_blork_the_orc
D:7:      layout_loops_ring, minmay_temple_entry_mini_moons,
          minmay_misc_feat_chi, amcnicky_mini_pool_small,
          minmay_increasing_density
Temple:   nicolae_temple_bog_church

Skill      XL: |  1  2  3  4  5  6  7  8  9 |
---------------+----------------------------+-----
Axes           | 3 4 5 7 8 |  8.4
Fighting       | 4 5 6 7 |  7.1
Armour         | 4 5 6 7 |  7.1
Shields        | 5 6 7 8 |  8.5

Action                   |  1- 3 |  4- 6 |  7- 9 || total
-------------------------+-------+-------+-------++-------
Melee: War axe           |   122 |   137 |   172 ||   431
       Rapier            |       |     5 |       ||     5
Invok: Lunge             |       |       |     1 ||     1
  Use: Potion            |       |       |     4 ||     4
Armor: Scale mail        |    44 |       |       ||    44
       Chain mail        |    13 |    75 |    49 ||   137
       Swamp dragon scal |       |       |    32 ||    32
Dodge: Dodged            |    55 |    30 |    65 ||   150
Block: Buckler           |    21 |       |       ||    21
       Kite shield       |    21 |    71 |    91 ||   183
